 Dungeon Crawl Stone Soup version 0.27-a0-1291-geefcff550b (webtiles) character file.

Game seed: 9853509380472401407

60 bilbop the Chopper (level 4, -2/40 HPs)
             Began as a Hill Orc Monk on June 16, 2021.
             Killed from afar by an orc wizard (3 damage)
             ... with a magic dart
             ... on level 3 of the Dungeon.
             The game lasted 00:07:47 (2388 turns).

bilbop the Chopper (Hill Orc Monk)                  Turns: 2388, Time: 00:07:48

Health: -2/40      AC:  7    Str: 14    XL:     4   Next: 6%
Magic:  5/5        EV:  9    Int: 10    God:
Gold:   65         SH:  0    Dex: 13    Spells: 3/3 levels left

rFire    . . .     SeeInvis .   a - +0 hand axe
rCold    . . .     Faith    .   (no shield)
rNeg     . . .     Spirit   .   q - +0 scale mail
rPois    .         Reflect  .   (no helmet)
rElec    .         Harm     .   i - +0 cloak
rCorr    .         Rampage  .   (no gloves)
Will     .....                  (no boots)
Stlth    ..........             (no amulet)
HPRegen  0.13/turn              (no ring)
MPRegen  0.09/turn              (no ring)

@: no status effects
A: no striking features
a: no special abilities


You were on level 3 of the Dungeon.
You visited 1 branch of the dungeon, and saw 3 of its levels.

You collected 65 gold pieces.

Inventory:

Hand Weapons
 a - a +0 hand axe (weapon)
Armour
 b - a +0 robe
 i - a +0 cloak (worn)
 n - a +0 ring mail
 q - a +0 scale mail (worn)
Wands
 m - a wand of paralysis (9)
Scrolls
 c - a scroll of blinking {unknown}
 e - a scroll of immolation {unknown}
 h - a scroll of noise {unknown}
 j - a scroll of amnesia {unknown}
 k - 2 scrolls of enchant weapon {unknown}
 l - a scroll of magic mapping {unknown}
Potions
 d - a potion of curing {unknown}
 f - a potion of invisibility {unknown}
 g - a potion of might {unknown}
 o - a potion of lignification {unknown}
 p - a potion of flight {unknown}


   Skills:
 + Level 4.2 Fighting
 + Level 4.7 Axes
 + Level 1.7 Armour
 - Level 2.4 Dodging
 - Level 1.5 Stealth
 + Level 2.1 Invocations


You had 3 spell levels left.
You didn't know any spells.
Your spell library was empty.

Dungeon Overview and Level Annotations

Branches:
Dungeon (3/15)

Altars:


Message History

You hear a shout!
The gnoll shouts!
The gnoll barely misses you.
There is a huge open gate here.
The orc hits you but does no damage. The gnoll misses you.
You barely miss the gnoll. The gnoll hits you but does no damage.
The gnoll hits you with a +0 whip!
You enter the shallow water.
Moving in this stuff is going to be slow.
The orc throws a boomerang.
The boomerang hits you but does no damage.
The orc wizard gestures wildly while chanting.
The orc wizard flickers and vanishes!
Deactivating autopickup; reactivate with Ctrl-A.
The gnoll hits you with a +0 whip.
The gnoll shouts!
The orc throws a boomerang.
The boomerang barely misses you.
The gnoll throws a throwing net.
The throwing net hits you.
You become entangled in the net!
You hear a splash.
You see here a throwing net.
You struggle against the net.
The gnoll hits you with a +0 whip.
You tear a large gash into the net.
The gnoll hits you with a +0 whip.
You struggle against the net.
The gnoll splashes around in the water.
The gnoll hits you from afar with a +0 halberd.
You shred the net and break free!
The gnoll splashes around in the water.
The gnoll hits you but does no damage.
The gnoll hits you from afar with a +0 halberd!
The gnoll hits you from afar with a +0 halberd!
* * * LOW HITPOINT WARNING * * *
Sorry, you're not good enough to have a special ability.
The gnoll shaman invokes the aid of its god against you.
You resist with some effort.
You see here a ball python skeleton.
A magic dart appears from out of thin air!
The magic dart hits you.
* * * LOW HITPOINT WARNING * * *
The orc throws a boomerang.
The boomerang barely misses you.
A magic dart appears from out of thin air!
The magic dart hits you.
You die...

.#....≈≈#.. #############''''####
.#....≈≈#.. #.......og.g.....[...
.#....≈≈#####≈≈≈≈≈{ggg≈g≈....≈≈≈≈
[#....≈≈≈≈≈≈≈≈≈≈≈≈≈o≈≈≈≈≈....≈≈≈≈
.#....≈≈≈≈≈≈≈≈≈≈≈≈≈o≈≈o≈≈..).≈≈≈≈
.#.....P..........÷go.g....†.....
...########.##...g÷#######..#####
>..# #####.#...÷...## #.##
#..####.........@....# #.#
#..#.................# ...
...#.##.####.........# #.##
..#.#.#.# ##.......## #.
...###..# ##.....## #. #.## ##.#
##...## ... ..# ##.## #.#. ..#
#.# ..##. ### .#


You could see a gnoll shaman, 7 gnolls and 4 orcs.

Vanquished Creatures
  A gnoll (D:3)
  3 dart slugs
  An orc (D:3)
  4 bats
  5 endoplasms
  A giant cockroach (D:1)
  2 goblins
  3 hobgoblins
  4 jackals (D:3)
  4 kobolds
  2 quokkas (D:1)
  3 ball pythons
  2 frilled lizards (D:1)
  6 rats
41 creatures vanquished.

Notes
Turn   | Place    | Note
-------+----------+-------------------------------------------
     0 | D:1      | bilbop the Hill Orc Monk began the quest for the Orb.
     0 | D:1      | Reached XP level 1. HP: 19/19 MP: 1/1
    74 | D:1      | Found a faded altar of an unknown god.
   383 | D:1      | Reached XP level 2. HP: 27/27 MP: 2/2
   384 | D:1      | Reached skill level 1 in Invocations
   696 | D:1      | Reached skill level 1 in Armour
   922 | D:1      | Reached XP level 3. HP: 31/33 MP: 4/4
  2232 | D:3      | Reached XP level 4. HP: 24/40 MP: 5/5
  2367 | D:3      | Noticed an ogre
  2387 | D:3      | HP: 1/40 [something/magic dart (4)]
  2388 | D:3      | Killed from afar by an orc wizard

Illustrated notes

Levels and vault maps discovered:
D:1:      giann_horns, layout_loops_ring,
          shapermc_ecumenical_altar_starsandcircs
D:2:      layout_basic
D:3:      lemuel_castle_with_subvaults [lemuel_castle_interior_original],
          layout_loops_ring, minmay_misc_feat_rows, grunt_ministairs_1,
          chequers_serial_rivers_large_a, serial_bayou_pond_c

Skill      XL: |  1  2  3 |
---------------+----------+-----
Invocations    | 1 2 |  2.1
Armour         | 1 |  1.7
Fighting       | 4 |  4.2
Axes           | |  4.7
Dodging        | |  2.4
Stealth        | |  1.5

Action                   |  1- 3 |  4- 6 || total
-------------------------+-------+-------++-------
Melee: Hand axe          |   135 |    10 ||   145
 Stab: Sleeping          |     4 |       ||     4
Armor: Robe              |    19 |       ||    19
       Ring mail         |    13 |     4 ||    17
       Scale mail        |       |     8 ||     8
Dodge: Dodged            |    95 |    12 ||   107

Table legend: (Time is in decaauts)
 A = Elapsed time spent in this place.
 B = Non-inter-level travel time spent in this place.
 C = Inter-level travel time spent in this place.
 D = Time resting spent in this place.
 E = Time spent auto-exploring this place.
 F = Levels seen in this place.
 G = Mean time per level.
                   A        B        C        D        E       F      G
               +--------+--------+--------+--------+--------+-----+--------+
         Total |   2402 |   2325 |     77 |    110 |   1857 |   3 |  800.7 |
       Dungeon |   2402 |   2325 |     77 |    110 |   1857 |   3 |  800.7 |
               +--------+--------+--------+--------+--------+-----+--------+

Top non-repeatable levels by time:
     D:1: 1133 daAuts
     D:2: 843 daAuts
     D:3: 425 daAuts
